 Dungeon Crawl Stone Soup version 0.21.1-1-g345015f (webtiles) character file.

3547 jerryfan the Thaumaturge (level 10, 0/74 HPs)
             Began as a Gnoll Wanderer on May 16, 2018.
             Succumbed to a spiny frog's poison
             ... on level 1 of the Lair of Beasts on May 19, 2018.
             The game lasted 01:14:53 (10799 turns).

jerryfan the Thaumaturge (Gnoll Wanderer)          Turns: 10799, Time: 01:14:54

Health: 0/74       AC: 10    Str: 18    XL:     10   Next: 9%
Magic:  19/22      EV: 15    Int: 17    God:
Gold:   293        SH:  0    Dex: 16    Spells: 12/29 levels left

rFire    . . .     SeeInvis .   L - +5 dagger
rCold    . . .     Gourm    .   (no shield)
rNeg     . . .     Faith    .   d - +1 robe
rPois    .         Spirit   .   (no helmet)
rElec    .         Reflect  .   (no cloak)
rCorr    +         Harm     .   (no gloves)
MR       .....                  (no boots)
Stlth    +++.......             l - amulet of rage
HPRegen  0.22/turn              o - ring of resist corrosion
MPRegen  0.18/turn              C - +4 ring of strength

@: lethally poisoned (0 -> -23), icy armour, very slightly contaminated, slow
A: distributed training, claws 1, fangs 1, low mp 1, strong nose
a: Evoke Berserk Rage


You were on level 1 of the Lair of Beasts.
You were hungry.

You visited 2 branches of the dungeon, and saw 9 of its levels.

You collected 293 gold pieces.

Inventory:

Hand Weapons
 e - a +0 dagger
 i - a +0 blowgun
 r - a +1 hand axe of electrocution
 t - a +2 dagger of electrocution
 A - a +1 dagger of speed
 F - a +2 shortbow of freezing
 H - a +5 scimitar
 K - a +3 spear
 L - a +5 dagger (weapon)
 M - a +4 scimitar
 N - a cursed +1 dagger
 O - a +3 dagger
 P - a +1 trident of protection
 Q - a cursed +3 spear
Missiles
 j - 66 sling bullets
 x - 30 poisoned needles
 D - a curare-tipped needle
 G - 45 arrows
Armour
 d - a +1 robe (worn)
 k - a +0 buckler
Jewellery
 l - an amulet of rage (around neck)
 o - a ring of resist corrosion (left claw)
 p - an uncursed ring of poison resistance
 B - an uncursed ring of flight
 C - a +4 ring of strength (right claw)
 I - an uncursed ring of protection from magic
Wands
 n - a wand of acid (7)
Scrolls
 c - 2 scrolls of teleportation
 g - a scroll of magic mapping {unknown}
 h - 4 scrolls of remove curse
 m - a scroll of fear {unknown}
 q - a scroll of blinking {unknown}
 u - 2 scrolls of identify
 y - a scroll of amnesia {unknown}
 E - a scroll of immolation {unknown}
Potions
 s - 2 potions of brilliance
Books
 a - a book of Minor Magic

   Spells                             Type                      Level
   a - Magic Dart                     Conjuration                  1
   b - Blink                          Translocation                2
   c - Call Imp                       Summoning                    2
   d - Slow                           Hexes                        2
   e - Conjure Flame                  Conjuration/Fire             3
   f - Mephitic Cloud                 Conjuration/Poison/Air       3
 b - the Disquisition on the Glacier

   Spells                             Type                      Level
   a - Freeze                         Ice                          1
   b - Ozocubu's Armour               Charms/Ice                   3
Comestibles
 f - 11 rations


   Skills:
 + Level 5.5 Fighting
 + Level 6.7 Short Blades
 + Level 4.8 Long Blades
 + Level 4.8 Axes
 + Level 4.8 Maces & Flails
 + Level 4.8 Polearms
 + Level 4.8 Staves
 + Level 4.8 Slings
 + Level 4.8 Bows
 + Level 4.8 Crossbows
 + Level 5.5 Throwing
 + Level 4.8 Armour
 + Level 4.8 Dodging
 + Level 5.4 Stealth
 + Level 4.8 Shields
 + Level 4.8 Unarmed Combat
 + Level 10.4 Spellcasting
 + Level 4.0 Conjurations
 + Level 4.0 Hexes
 + Level 4.0 Charms
 + Level 4.0 Summonings
 + Level 4.0 Necromancy
 + Level 4.6 Translocations
 + Level 4.0 Transmutations
 + Level 4.0 Fire Magic
 + Level 4.0 Ice Magic
 + Level 4.0 Air Magic
 + Level 4.0 Earth Magic
 + Level 4.0 Poison Magic
 + Level 5.3 Invocations
 + Level 4.8 Evocations


You had 12 spell levels left.
You knew the following spells:

 Your Spells              Type           Power        Failure   Level  Hunger
a - Magic Dart            Conj           ###.         1%          1    None
b - Call Imp              Summ           ###.....     2%          2    None
c - Blink                 Tloc           N/A          1%          2    None
d - Mephitic Cloud        Conj/Pois/Air  ###.....     4%          3    None
e - Freeze                Ice            ###.         1%          1    None
f - Slow                  Hex            ###.....     2%          2    None
g - Conjure Flame         Conj/Fire      ###.....     4%          3    None
h - Ozocubu's Armour      Chrm/Ice       ###.....     4%          3    None


Dungeon Overview and Level Annotations

Branches:
Dungeon (8/15)             Temple (0/1) D:7            Lair (1/6) D:8

Altars:
Elyvilon
Gozag
Hepliaklqana
Kikubaaqudgha
Nemelex Xobeh
Qazlal
Trog
Uskayaw
Wu Jian
Yredelemnul

Annotations:
D:5 Dowan, Duvessa
D:6 glosham's ghost, novice KoAr
D:8 p0werm0de's ghost, novice FoCK


Innate Abilities, Weirdness & Mutations

Your experience applies equally to all skills.
You have very sharp teeth.
Your uncanny sense of smell can sniff out nearby items.
You have sharp fingernails.
Your magical capacity is low. (-10% MP)


Message History

You miscast Freeze.
You are very lightly contaminated with residual magic.
Nothing appears to happen.
The spiny frog stings you!! The spiny frog stings you.
You are poisoned.
The spiny frog poisons you!
You feel sick.
You feel sick.
Casting: Freeze
Confirm with . or Enter, or press ? or * to list all spells.
Aiming: Slow
Press: ? - help, Shift-Dir - straight line, f/p - spiny frog
Aim: a spiny frog (lightly wounded, chance to defeat MR: 62%)
The spiny frog seems to slow down.
You feel sick. The spiny frog stings you!
* * * LOW HITPOINT WARNING * * *
You are more poisoned.
The spiny frog poisons you!
It was a potion of mutation.
You feel extremely strange.
You feel less energetic.
Your fingernails lengthen.
You die...

..
#............#.##
..#....######.##..#
...............##
#.l....P.##†...##
#.$ .+.. #.....#
#.. #. ∆ #....## #
#....# #+###..F.#
.......@.#
..#####...# #..##
#..# #..# #..# ...#
#..#


You could see a spiny frog.

Vanquished Creatures
  The ghost of kae the Martial Artist, a novice DsTm of Wu Jian (D:7)
  Prince Ribbit (D:5)
  A hungry ghost (D:7)
  A porcupine (Lair:1)
  A water moccasin (D:8)
  A phantom (D:4)
  5 ogres
  2 centaurs
  A bullfrog (Lair:1)
  7 wights (D:7)
  2 howler monkeys (D:8)
  A centaur zombie (D:8)
  2 crimson imps
  2 hounds
  2 orc wizards
  2 orc priests
  2 jellies
  2 worker ants
  An iguana (D:5)
  A hound zombie (D:6)
  A hound skeleton (D:4)
  A howler monkey zombie (D:7)
  5 gnolls
  8 adders
  A shadow imp (D:5)
  An adder zombie (D:8)
  An adder skeleton (D:5)
  4 worms
  7 dart slugs
  3 fire bats (D:5)
  4 leopard geckos
  11 orcs
  A spectral bat (D:5)
  3 bat skeletons (D:5)
  2 bat zombies
  7 giant cockroaches
  12 goblins
  16 hobgoblins
  17 jackals
  4 kobolds
  A quokka (D:2)
  21 bats
  A bat simulacrum (D:5)
  5 frilled lizards
  4 rats
  2 rat zombies (D:4)
181 creatures vanquished.

Vanquished Creatures (collateral kills)
  Sigmund (D:3)
  2 yaks (Lair:1)
  An ice beast (D:7)
  A sky beast (D:7)
  A hornet zombie (D:6)
  A centaur (D:6)
  2 wights (D:7)
  A vampire bat (D:5)
  A crimson imp (D:8)
  An orc priest (D:4)
  An orc wizard (D:4)
  2 adders
  A gnoll (D:3)
  A shadow imp (D:8)
  A worm (D:4)
  2 dart slugs (D:4)
  4 orcs
  A spectral bat (D:5)
  A hobgoblin (D:3)
  A jackal (D:7)
  A ball python (D:3)
  A bat (D:3)
  3 kobolds (D:3)
32 creatures vanquished.

Vanquished Creatures (others)
  A human (D:7)
  A fungus (Lair:1)
2 creatures vanquished.

Grand Total: 215 creatures vanquished

Notes
Turn   | Place    | Note
-------+----------+-------------------------------------------
     0 | D:1      | Reached skill level 9 in Spellcasting
     0 | D:1      | jerryfan the Gnoll Wanderer began the quest for the Orb.
     0 | D:1      | jerryfan set off with: a book of Minor Magic, the Disquisition on the Glacier, a scroll of teleportation, a +0 robe, a +0 dagger, a ration
     0 | D:1      | Reached XP level 1. HP: 17/17 MP: 10/10
     0 | D:1      | Identified the Disquisition on the Glacier
     2 | D:1      | Learned a level 1 spell: Magic Dart
   155 | D:1      | Reached XP level 2. HP: 23/23 MP: 6/12
   742 | D:1      | Reached XP level 3. HP: 28/28 MP: 6/13
  1045 | D:1      | Reached skill level 1 in Invocations
  1403 | D:2      | Found a sparkling altar of Nemelex Xobeh.
  1459 | D:2      | Reached skill level 1 in Long Blades
  1459 | D:2      | Reached skill level 1 in Axes
  1459 | D:2      | Reached skill level 1 in Maces & Flails
  1459 | D:2      | Reached skill level 1 in Polearms
  1459 | D:2      | Reached skill level 1 in Staves
  1459 | D:2      | Reached skill level 1 in Slings
  1459 | D:2      | Reached skill level 1 in Bows
  1459 | D:2      | Reached skill level 1 in Crossbows
  1459 | D:2      | Reached skill level 1 in Armour
  1459 | D:2      | Reached skill level 1 in Dodging
  1459 | D:2      | Reached skill level 1 in Shields
  1459 | D:2      | Reached skill level 1 in Unarmed Combat
  1459 | D:2      | Reached skill level 1 in Evocations
  1604 | D:2      | Reached XP level 4. HP: 34/34 MP: 13/15
  1901 | D:2      | Found a white marble altar of Elyvilon.
  1976 | D:2      | Found a hazy altar of Hepliaklqana.
  2391 | D:3      | HP: 1/51 [goblin/dagger of electrocution (16)]
  2405 | D:3      | Reached skill level 1 in Conjurations
  2405 | D:3      | Reached skill level 1 in Hexes
  2405 | D:3      | Reached skill level 1 in Charms
  2405 | D:3      | Reached skill level 1 in Summonings
  2405 | D:3      | Reached skill level 1 in Necromancy
  2405 | D:3      | Reached skill level 1 in Transmutations
  2405 | D:3      | Reached skill level 1 in Fire Magic
  2405 | D:3      | Reached skill level 1 in Ice Magic
  2405 | D:3      | Reached skill level 1 in Air Magic
  2405 | D:3      | Reached skill level 1 in Earth Magic
  2405 | D:3      | Reached skill level 1 in Poison Magic
  2484 | D:3      | Learned a level 2 spell: Call Imp
  2643 | D:3      | Reached XP level 5. HP: 40/40 MP: 11/16
  2768 | D:3      | Learned a level 2 spell: Blink
  2772 | D:3      | Learned a level 3 spell: Mephitic Cloud
  2827 | D:3      | Noticed Sigmund
  2858 | D:3      | Killed Sigmund
  2858 | D:3      | Reached XP level 6. HP: 47/47 MP: 12/18
  3155 | D:3      | Learned a level 1 spell: Freeze
  3232 | D:3      | Found a hide-covered altar of Uskayaw.
  3868 | D:4      | Reached skill level 5 in Short Blades
  4243 | D:4      | Noticed a phantom
  4424 | D:4      | Reached XP level 7. HP: 52/52 MP: 15/20
  4452 | D:4      | Learned a level 2 spell: Slow
  4527 | D:4      | Found an ornate altar of the Wu Jian Council.
  4861 | D:4      | Found an ancient bone altar of Kikubaaqudgha.
  5023 | D:5      | Entered Level 5 of the Dungeon
  5110 | D:5      | Found a bloodstained altar of Trog.
  5488 | D:5      | Noticed Prince Ribbit
  5500 | D:5      | Killed Prince Ribbit
  5500 | D:5      | Reached XP level 8. HP: 60/60 MP: 9/21
  6166 | D:5      | Noticed Duvessa
  6166 | D:5      | Noticed Dowan
  6442 | D:6      | Noticed glosham's ghost (novice KoAr)
  6703 | D:6      | Reached skill level 10 in Spellcasting
  7029 | D:6      | Found a basalt altar of Yredelemnul.
  7381 | D:6      | Reached XP level 9. HP: 66/66 MP: 14/23
  7512 | D:7      | Found a staircase to the Ecumenical Temple.
  7543 | D:7      | Found an ancient bone altar of Kikubaaqudgha.
  7749 | D:7      | Noticed kae's ghost (novice DsTm)
  7782 | D:7      | Killed kae's ghost
  7976 | D:7      | Reached skill level 5 in Fighting
  7976 | D:7      | Reached skill level 5 in Throwing
  8111 | D:7      | Learned a level 3 spell: Conjure Flame
  8115 | D:7      | Learned a level 3 spell: Ozocubu's Armour
  8123 | D:7      | Found a stormy altar of Qazlal.
  8264 | D:7      | Reached skill level 5 in Stealth
  9055 | D:7      | Reached skill level 5 in Invocations
  9295 | D:7      | Found an opulent altar of Gozag.
  9595 | D:8      | Noticed a two-headed ogre
  9659 | D:8      | Noticed p0werm0de's ghost (novice FoCK)
  9717 | D:8      | HP: 3/68 [poisoned by a killer bee]
  9723 | D:8      | HP: 3/68 [poisoned by a killer bee]
  9731 | D:8      | HP: 2/68 [poisoned by a killer bee]
  9998 | D:8      | Found a staircase to the Lair.
 10047 | Lair:1   | Entered Level 1 of the Lair of Beasts
 10392 | Lair:1   | Reached XP level 10. HP: 26/74 MP: 14/24
 10785 | Lair:1   | Noticed a spiny frog
 10798 | Lair:1   | HP: 2/74 [spiny frog (17)]
 10799 | Lair:1   | Gained mutation: Your magical capacity is low. (-10% MP) [potion of mutation]
 10799 | Lair:1   | Gained mutation: You have sharp fingernails. [potion of mutation]
 10799 | Lair:1   | Succumbed to a spiny frog's poison

Skill      XL: |  1  2  3  4  5  6  7  8  9 10 |
---------------+-------------------------------+-----
Spellcasting   | 10 | 10.4
Translocations | 2 3 4 |  4.6
Invocations    | 1 2 3 4 5 |  5.3
Long Blades    | 1 2 3 4 |  4.8
Axes           | 1 2 3 4 |  4.8
Maces & Flails | 1 2 3 4 |  4.8
Polearms       | 1 2 3 4 |  4.8
Staves         | 1 2 3 4 |  4.8
Slings         | 1 2 3 4 |  4.8
Bows           | 1 2 3 4 |  4.8
Crossbows      | 1 2 3 4 |  4.8
Armour         | 1 2 3 4 |  4.8
Dodging        | 1 2 3 4 |  4.8
Shields        | 1 2 3 4 |  4.8
Unarmed Combat | 1 2 3 4 |  4.8
Evocations     | 1 2 3 4 |  4.8
Conjurations   | 1 2 3 4 |  4.0
Hexes          | 1 2 3 4 |  4.0
Charms         | 1 2 3 4 |  4.0
Summonings     | 1 2 3 4 |  4.0
Necromancy     | 1 2 3 4 |  4.0
Transmutations | 1 2 3 4 |  4.0
Fire Magic     | 1 2 3 4 |  4.0
Ice Magic      | 1 2 3 4 |  4.0
Air Magic      | 1 2 3 4 |  4.0
Earth Magic    | 1 2 3 4 |  4.0
Poison Magic   | 1 2 3 4 |  4.0
Fighting       | 3 4 5 |  5.5
Throwing       | 3 4 5 |  5.5
Stealth        | 3 4 5 |  5.4
Short Blades   | 5 6 |  6.7

Action                   |  1- 3 |  4- 6 |  7- 9 | 10-12 || total
-------------------------+-------+-------+-------+-------++-------
Melee: Dagger            |    63 |   122 |   215 |    16 ||   416
       Bite              |     7 |    10 |    29 |     1 ||    47
       Punch             |       |       |     4 |       ||     4
       Spear             |       |       |    46 |       ||    46
 Fire: Blowgun           |       |     4 |    18 |       ||    22
 Cast: Magic Dart        |    71 |   121 |   106 |       ||   298
       Call Imp          |       |    25 |    53 |       ||    78
       Mephitic Cloud    |       |     6 |     6 |       ||    12
       Freeze            |       |     1 |    57 |     1 ||    59
       Slow              |       |       |     8 |     1 ||     9
       Conjure Flame     |       |       |     3 |       ||     3
       Ozocubu's Armour  |       |       |     2 |     2 ||     4
       Blink             |       |       |     1 |       ||     1
 Abil: Evoke Berserk Rag |     2 |     1 |     2 |       ||     5
  Use: Scroll            |     3 |     2 |    10 |     2 ||    17
       Potion            |       |     2 |     9 |     3 ||    14
 Stab: Sleeping          |     1 |     3 |     4 |       ||     8
       Distracted        |       |       |     2 |       ||     2
  Eat: Chunk             |     4 |     6 |    13 |       ||    23
       Ration            |       |     1 |     4 |       ||     5
Armor: Robe              |    16 |    25 |    66 |     1 ||   108
Dodge: Dodged            |    46 |    74 |   212 |     9 ||   341
